Flames vs Stars

Created - 27 février 2018 at 15:55

Goals
1 2 3 T
Flames 3 1 0 4
Stars 1 1 0 2
Shots
1 2 3 T
Flames 14 8 7 29
Stars 7 16 14 37

1st period

1. Flames , Mark Scheifele 20 (Aleksander Barkov 20, Adam Larsson 17) at 0:44
2. Flames , Alex Pietrangelo 10 (Oliver Ekman-Larsson 31, Alexander Steen 36) at 6:04 (PP)
3. Stars , Loui Eriksson 32 (Pavel Datsyuk 20) at 10:19 (PP)
4. Flames , Joe Pavelski 24 (Mike Green 38, Evgeni Malkin 34) at 14:48 (PP)

Penalties :
Nick Bonino (DAL) for Interference (Minor) at 4:27, Oliver Ekman-Larsson (CGY) for Holding (Minor) at 6:59, Evgeni Malkin (CGY) for Boarding (Minor) at 10:01, Zach Bogosian (DAL) for Tripping (Minor) at 14:22, Jeff Carter (DAL) for Interference (Minor) at 14:51, Derek Stepan (CGY) for High sticking (Minor) at 17:05

2nd period

5. Stars , Pavel Datsyuk 19 (Joni Pitkanen 44, Loui Eriksson 38) at 0:06
6. Flames , Aleksander Barkov 18 (Mark Scheifele 34, Derek Stepan 14) at 9:51

Penalties :
Oliver Ekman-Larsson (CGY) for Roughing (Minor) at 12:17, Kris Letang (CGY) for Holding (Minor) at 19:41

3rd period

No Goal

Penalties :
Brett Pesce (DAL) for Slashing (Minor) at 16:16, Brett Pesce (DAL) for Roughing (Minor) at 19:03

Goalie Stats

Braden Holtby (CGY), 35 saves from 37 shots - (0,946), W, 41-14-4, 60:00 minutes
Frederik Andersen (DAL), 25 saves from 29 shots - (0,862), L, 31-20-6, 60:00 minutes

Players Stats for Flames

Player Name              G  A  P  +/- PIM S  H  SB GA TA FO     MP     PP MP  PK MP  
------------------------------------------------------------------------------------
Adam Larsson             0  1  1   2  0   0  2  0  0  0  0/0    18:12   0:00   3:50 
Aleksander Barkov        1  1  2   1  0   4  1  0  0  0  10/33  19:31   0:00   4:59 
Alex Pietrangelo         1  0  1  -1  0   2  1  1  0  0  0/0    23:27   3:52   4:24 
Alexander Steen          0  1  1   0  0   3  4  0  0  0  1/2    20:02   4:20   0:56 
Brad Richards            0  0  0   0  0   2  0  0  0  0  7/22   18:27   2:37   0:19 
Brendan Ranford          0  0  0   0  0   0  0  0  0  0  0/0     0:00   0:00   0:00 
Derek Stepan             0  1  1   1  2   3  1  0  0  0  0/1    17:48   0:00   3:44 
Evgeni Malkin            0  1  1   0  2   1  12 0  0  0  4/6    18:07   2:37   0:00 
Gilbert Brule            0  0  0   0  0   0  0  0  0  0  0/2    22:21   4:20   3:15 
Jacob Trouba             0  0  0   2  0   0  1  1  0  0  0/0    19:45   0:00   5:23 
Joe Pavelski             1  0  1   0  0   1  0  0  0  0  1/2    18:08   2:37   0:00 
Jonathan Toews           0  0  0   0  0   2  2  0  0  0  15/26  19:06   4:20   0:00 
Kris Letang              0  0  0   0  2   1  3  1  0  0  0/0    21:09   3:05   2:49 
Mark Scheifele           1  1  2   1  0   2  2  0  0  0  2/4    17:47   0:00   3:15 
Mike Green               0  1  1   0  0   4  0  1  0  0  0/0    18:23   3:05   0:02 
Oliver Ekman-Larsson     0  1  1  -1  4   4  3  1  0  0  0/0    19:01   3:52   0:00 
Patrik Laine             0  0  0   0  0   0  0  0  0  0  0/0     0:27   0:00   0:00 
Tyler Randell            0  0  0   0  0   0  0  0  0  0  0/0     0:00   0:00   0:00 

Players Stats for Stars

Player Name              G  A  P  +/- PIM S  H  SB GA TA FO     MP     PP MP  PK MP  
------------------------------------------------------------------------------------
Alexander Killorn        0  0  0  -1  0   0  4  0  0  0  0/0    10:58   0:00   0:00 
Anze Kopitar             0  0  0   0  0   4  1  0  0  0  15/29  18:14   3:58   0:00 
Brett Pesce              0  0  0  -2  4   1  2  2  0  0  0/0    23:47   2:01   1:58 
Brian Flynn              0  0  0   0  0   0  0  0  0  0  0/0     5:40   0:00   2:01 
David Desharnais         0  0  0   0  0   0  0  0  0  0  3/8     5:40   0:00   2:01 
Jeff Carter              0  0  0   0  2   3  1  0  0  0  4/4    20:11   4:16   0:00 
Jeff Petry               0  0  0  -2  0   0  2  1  0  0  0/0    20:38   0:18   3:16 
Joel Eriksson Ek         0  0  0   0  0   0  0  0  0  0  0/0     0:00   0:00   0:00 
Joni Pitkanen            0  1  1   1  0   3  3  1  0  0  0/0    22:07   3:45   3:41 
Kevin Shattenkirk        0  0  0   1  0   4  0  1  0  0  0/0    23:46   5:28   0:25 
Loui Eriksson            1  1  2   0  0   5  0  0  0  0  3/4    20:12   4:16   0:00 
Michael Grabner          0  0  0   0  0   5  0  0  0  0  0/0    18:14   3:58   0:00 
Milan Michalek           0  0  0   0  0   3  0  1  0  0  0/0    19:55   0:00   4:56 
Nick Bonino              0  0  0  -1  2   1  2  0  0  0  1/1    14:55   3:58   0:00 
Pavel Datsyuk            1  1  2   0  0   4  2  0  0  0  18/23  20:12   4:16   0:00 
Ryan Suter               0  0  0   0  0   0  0  2  0  0  0/0     6:16   0:45   1:45 
Sean Monahan             0  0  0  -1  0   3  1  0  0  0  14/29  19:33   0:00   4:56 
Zach Bogosian            0  0  0   0  2   1  5  2  0  0  0/0    22:40   4:11   2:49 

3 Stars

1 - Mark Scheifele (CGY)
2 - Aleksander Barkov (CGY)
3 - Evgeni Malkin (CGY)

Power Play

Flames - 2 on 5 Attempt(s) - 40,00%
Stars - 1 on 5 Attempt(s) - 20,00%

Penalty Kill

Flames - 4 on 5 Attempt(s) - 80,00% - Score 0 goal in Penalty Kill
Stars - 3 on 5 Attempt(s) - 60,00% - Score 0 goal in Penalty Kill

Team Stat

Flames - Hits : 32 - Faceoff Wins : 40 - Blocked Shots : 5 - Penalty Minutes : 10
Stars - Hits : 23 - Faceoff Wins : 58 - Blocked Shots : 10 - Penalty Minutes : 10

Official

Referees : Mike Mullen and Kelly Sutherland
Linesman : Kevin Briganti and Jim Briggs

Game Notes

Ryan Suter is injured at 16:19 of 1st period (Sore Left Knee)

Finance

Level 1 -- Attendance: 6000 (100,00%) -- Ticket Income 720 000 $
Level 2 -- Attendance: 5000 (100,00%) -- Ticket Income 375 000 $
Level 3 -- Attendance: 1926 (96,30%) -- Ticket Income 96 300 $
Level 4 -- Attendance: 3576 (89,40%) -- Ticket Income 125 160 $
Luxury Box -- Attendance: 1428 (100,00%) -- Ticket Income 392 700 $
Game was played at the American Airlines Center.
Total Attendance: 17930 (97,30%)
Total Ticket Income: 1 709 160 $
Other Income: 837 488 $
Total Income: 2 546 648 $

Flames

5 vs 5 Forward 
   Center                   Left Wing                Right Wing               Time % Phy DF OF 
 1 Brad Richards            Joe Pavelski             Evgeni Malkin            34     0   2  3  
 2 Jonathan Toews           Alexander Steen          Gilbert Brule            34     0   1  4  
 3 Aleksander Barkov        Derek Stepan             Mark Scheifele           32     0   2  3  
 4 Aleksander Barkov        Patrik Laine             Mark Scheifele           0      0   3  2  

5 vs 5 Defense 
   Defense                  Defense                                           Time % Phy DF OF 
 1 Kris Letang              Mike Green                                        34     0   3  2  
 2 Alex Pietrangelo         Oliver Ekman-Larsson                              34     0   3  2  
 3 Jacob Trouba             Adam Larsson                                      32     0   4  1  
 4 Kris Letang              Adam Larsson                                      0      1   2  2  

PowerPlay Forward 
   Center                   Left Wing                Right Wing               Time % Phy DF OF 
 1 Evgeni Malkin            Brad Richards            Joe Pavelski             50     0   0  5  
 2 Jonathan Toews           Alexander Steen          Gilbert Brule            50     0   0  5  

PowerPlay Defense
   Defense                  Defense                                           Time % Phy DF OF 
 1 Mike Green               Kris Letang                                       50     0   2  3  
 2 Oliver Ekman-Larsson     Alex Pietrangelo                                  50     0   2  3  

Penalty Kill 4 Players Forward 
   Center                   Wing                     Time % Phy DF OF 
 1 Aleksander Barkov        Derek Stepan             55     0   4  1  
 2 Mark Scheifele           Gilbert Brule            45     0   4  1  

Penalty Kill 4 Players Defense
   Defense                  Defense                  Time % Phy DF OF 
 1 Adam Larsson             Kris Letang              50     1   4  0  
 2 Alex Pietrangelo         Jacob Trouba             50     1   4  0  

Penalty Kill - 3 Players Forward 
   Forward                                           Time % Phy DF OF 
 1 Aleksander Barkov                                 55     0   4  1  
 2 Derek Stepan                                      45     0   4  1  

Penalty Kill - 3 Players Defense
   Defense                  Defense                  Time % Phy DF OF 
 1 Jacob Trouba             Mike Green               55     1   4  0  
 2 Adam Larsson             Alex Pietrangelo         45     1   4  0  

4 vs 4 Forward 
   Center                   Wing                     Time % Phy DF OF 
 1 Alexander Steen          Evgeni Malkin            50     1   2  2  
 2 Jonathan Toews           Joe Pavelski             50     1   2  2  

4 vs 4 Defense
   Defense                  Defense                  Time % Phy DF OF 
 1 Mike Green               Kris Letang              50     0   2  3  
 2 Alex Pietrangelo         Oliver Ekman-Larsson     50     0   2  3  

Last Minutes Offensive
   Center                   Left Wing                Right Wing               Defense                  Defense                  
   Evgeni Malkin            Joe Pavelski             Alexander Steen          Alex Pietrangelo         Kris Letang              

Last Minutes Defensive
   Center                   Left Wing                Right Wing               Defense                  Defense                  
   Jonathan Toews           Alexander Steen          Evgeni Malkin            Alex Pietrangelo         Kris Letang              

Goaltenders
Starting : Braden Holtby            
Backup : Michael Leighton         

Extra Forwards
Normal : Evgeni Malkin, Jonathan Toews, Gilbert Brule - PP : Joe Pavelski, Jonathan Toews - PK : Alexander Steen
Extra Defensemen
Normal : Adam Larsson, Kris Letang, Mike Green - PP : Jacob Trouba - PK : Jacob Trouba, Mike Green
Penalty Shots
Evgeni Malkin, Gilbert Brule, Joe Pavelski, Jonathan Toews, Mike Green
Custom OT Lines Forwards
Jonathan Toews, Evgeni Malkin, Gilbert Brule, Joe Pavelski, Alexander Steen, Derek Stepan, Patrik Laine, Mark Scheifele, Aleksander Barkov, Brad Richards
Custom OT Lines Defensemen
Mike Green, Kris Letang, Oliver Ekman-Larsson, Alex Pietrangelo, Adam Larsson

Scratches
None

Stars

5 vs 5 Forward 
   Center                   Left Wing                Right Wing               Time % Phy DF OF 
 1 Pavel Datsyuk            Jeff Carter              Loui Eriksson            34     0   1  4  
 2 Anze Kopitar             Milan Michalek           Michael Grabner          33     0   1  4  
 3 Sean Monahan             Nick Bonino              Alexander Killorn        27     0   3  2  
 4 Sean Monahan             David Desharnais         Brian Flynn              6      1   3  1  

5 vs 5 Defense 
   Defense                  Defense                                           Time % Phy DF OF 
 1 Joni Pitkanen            Kevin Shattenkirk                                 34     0   3  2  
 2 Zach Bogosian            Ryan Suter                                        33     0   3  2  
 3 Brett Pesce              Jeff Petry                                        27     0   3  2  
 4 Brett Pesce              Ryan Suter                                        6      0   4  1  

PowerPlay Forward 
   Center                   Left Wing                Right Wing               Time % Phy DF OF 
 1 Pavel Datsyuk            Jeff Carter              Loui Eriksson            50     0   0  5  
 2 Anze Kopitar             Nick Bonino              Michael Grabner          50     0   0  5  

PowerPlay Defense
   Defense                  Defense                                           Time % Phy DF OF 
 1 Joni Pitkanen            Kevin Shattenkirk                                 50     0   1  4  
 2 Ryan Suter               Zach Bogosian                                     50     0   1  4  

Penalty Kill 4 Players Forward 
   Center                   Wing                     Time % Phy DF OF 
 1 Sean Monahan             Milan Michalek           55     0   4  1  
 2 David Desharnais         Brian Flynn              45     0   4  1  

Penalty Kill 4 Players Defense
   Defense                  Defense                  Time % Phy DF OF 
 1 Joni Pitkanen            Brett Pesce              55     0   5  0  
 2 Ryan Suter               Jeff Petry               45     0   5  0  

Penalty Kill - 3 Players Forward 
   Forward                                           Time % Phy DF OF 
 1 Sean Monahan                                      55     0   5  0  
 2 Nick Bonino                                       45     0   5  0  

Penalty Kill - 3 Players Defense
   Defense                  Defense                  Time % Phy DF OF 
 1 Joni Pitkanen            Ryan Suter               55     0   5  0  
 2 Brett Pesce              Jeff Petry               45     0   5  0  

4 vs 4 Forward 
   Center                   Wing                     Time % Phy DF OF 
 1 Anze Kopitar             Michael Grabner          50     1   2  2  
 2 Pavel Datsyuk            Loui Eriksson            50     1   2  2  

4 vs 4 Defense
   Defense                  Defense                  Time % Phy DF OF 
 1 Joni Pitkanen            Kevin Shattenkirk        50     1   2  2  
 2 Ryan Suter               Zach Bogosian            50     1   2  2  

Last Minutes Offensive
   Center                   Left Wing                Right Wing               Defense                  Defense                  
   Pavel Datsyuk            Michael Grabner          Loui Eriksson            Joni Pitkanen            Kevin Shattenkirk        

Last Minutes Defensive
   Center                   Left Wing                Right Wing               Defense                  Defense                  
   Pavel Datsyuk            Loui Eriksson            Michael Grabner          Ryan Suter               Joni Pitkanen            

Goaltenders
Starting : Frederik Andersen        
Backup : Al Montoya               

Extra Forwards
Normal : Sean Monahan, Milan Michalek, Michael Grabner - PP : Milan Michalek, David Desharnais - PK : Nick Bonino
Extra Defensemen
Normal : Brett Pesce, Jeff Petry, Ryan Suter - PP : Brett Pesce - PK : Zach Bogosian, Ryan Suter
Penalty Shots
Loui Eriksson, Jeff Carter, Milan Michalek, Michael Grabner, Joni Pitkanen
Custom OT Lines Forwards
Pavel Datsyuk, Loui Eriksson, Anze Kopitar, Michael Grabner, Sean Monahan, Jeff Carter, Nick Bonino, Milan Michalek, David Desharnais, Alexander Killorn
Custom OT Lines Defensemen
Joni Pitkanen, Ryan Suter, Kevin Shattenkirk, Zach Bogosian, Brett Pesce

Scratches
None


% Time on Ice - Flames

Lines # - Real PCT - Wanted PCT - Time Play
Normal Forward
1 - 35% - 34% - 15:31
2 - 33% - 34% - 14:46
3 - 31% - 32% - 14:05
4 - 1% - 0% - 0:27
Normal Defense
1 - 34% - 34% - 15:16
2 - 34% - 34% - 15:11
3 - 32% - 32% - 14:22
4 - 0% - 0% - 0:00
PP Forward
1 - 38% - 50% - 2:37
2 - 62% - 50% - 4:20
PP Defense
1 - 44% - 50% - 3:05
2 - 56% - 50% - 3:52
PK Forward
1 - 61% - 55% - 4:59
2 - 39% - 45% - 3:15
PK Defense
1 - 47% - 50% - 3:50
2 - 53% - 50% - 4:24
PK3 Forward
1 - 0% - 55%
2 - 0% - 45%
PK3 Defense
1 - 0% - 55%
2 - 0% - 45%
44 Forward
1 - 0% - 50%
2 - 0% - 50%
44 Defense
1 - 0% - 50%
2 - 0% - 50%
Last Minute Offensive  - 0:00
Last Minute Defensive  - 0:00
Total
Forward - 60:00
Defense - 60:00

% Time on Ice - Stars

Lines # - Real PCT - Wanted PCT - Time Play
Normal Forward
1 - 36% - 34% - 15:56
2 - 32% - 33% - 14:16
3 - 24% - 27% - 10:58
4 - 8% - 6% - 3:39
Normal Defense
1 - 32% - 34% - 14:12
2 - 35% - 33% - 15:41
3 - 22% - 27% - 9:39
4 - 12% - 6% - 5:17
PP Forward
1 - 52% - 50% - 4:16
2 - 48% - 50% - 3:58
PP Defense
1 - 46% - 50% - 3:45
2 - 54% - 50% - 4:29
PK Forward
1 - 71% - 55% - 4:56
2 - 29% - 45% - 2:01
PK Defense
1 - 53% - 55% - 3:41
2 - 47% - 45% - 3:16
PK3 Forward
1 - 0% - 55%
2 - 0% - 45%
PK3 Defense
1 - 0% - 55%
2 - 0% - 45%
44 Forward
1 - 0% - 50%
2 - 0% - 50%
44 Defense
1 - 0% - 50%
2 - 0% - 50%
Last Minute Offensive  - 0:00
Last Minute Defensive  - 0:00
Total
Forward - 60:00
Defense - 60:00

Play by Play

1st period


0:01 of 1st period - Pavel Datsyuk wins face-off versus Brad Richards in neutral zone.
0:08 of 1st period - Off-side.
0:09 of 1st period - Anze Kopitar wins face-off versus Jonathan Toews in neutral zone.
0:24 of 1st period - Shot by Michael Grabner.
0:24 of 1st period - Stopped by Braden Holtby without a rebound.
0:25 of 1st period - Sean Monahan wins face-off versus Aleksander Barkov in Flames zone.
0:32 of 1st period - Shot by Sean Monahan.
0:32 of 1st period - Shot Misses the Net.
0:44 of 1st period - Shot by Mark Scheifele.
0:44 of 1st period - Goal by Mark Scheifele - Flames : 1 - Stars : 0.
0:45 of 1st period - Pavel Datsyuk wins face-off versus Brad Richards in neutral zone.
0:45 of 1st period - Loui Eriksson is hit by Evgeni Malkin and loses puck.
1:20 of 1st period - Shot by Mike Green.
1:20 of 1st period - Stopped by Frederik Andersen without a rebound.
1:21 of 1st period - Anze Kopitar wins face-off versus Jonathan Toews in Stars zone.
1:26 of 1st period - Jonathan Toews is hit by Zach Bogosian and loses puck.
1:34 of 1st period - Jonathan Toews is hit by Zach Bogosian and loses puck.
2:00 of 1st period - Jonathan Toews is hit by Zach Bogosian and loses puck.
2:41 of 1st period - Shot by Aleksander Barkov.
2:41 of 1st period - Stopped by Frederik Andersen with a rebound.
2:43 of 1st period - Shot by Mark Scheifele.
2:43 of 1st period - Stopped by Frederik Andersen without a rebound.
2:44 of 1st period - Pavel Datsyuk wins face-off versus Evgeni Malkin in Stars zone.
2:57 of 1st period - Shot by Loui Eriksson.
2:57 of 1st period - Deflect By Jeff Carter.
2:57 of 1st period - Stopped by Braden Holtby without a rebound.
2:58 of 1st period - Aleksander Barkov wins face-off versus Sean Monahan in Flames zone.
2:58 of 1st period - Aleksander Barkov is hit by Sean Monahan.
3:13 of 1st period - David Desharnais is hit by Aleksander Barkov and loses puck.
3:21 of 1st period - Off-side.
3:22 of 1st period - Pavel Datsyuk wins face-off versus Brad Richards in neutral zone.
3:45 of 1st period - Evgeni Malkin is hit by Joni Pitkanen and loses puck.
4:09 of 1st period - Jeff Carter is hit by Jacob Trouba and loses puck.
4:15 of 1st period - Icing by Joe Pavelski.
4:16 of 1st period - Sean Monahan wins face-off versus Brad Richards in Flames zone.
4:27 of 1st period - Minor Penalty to Nick Bonino for Interference.
4:28 of 1st period - Sean Monahan wins face-off versus Alexander Steen in Stars zone.
4:28 of 1st period - Sean Monahan is hit by Alexander Steen.
5:02 of 1st period - Shot by Kris Letang.
5:02 of 1st period - Shot Misses the Net.
5:04 of 1st period - Shot by Jonathan Toews.
5:04 of 1st period - Shot Misses the Net.
5:06 of 1st period - Shot by Mike Green.
5:06 of 1st period - Stopped by Frederik Andersen with a rebound.
5:08 of 1st period - Shot by Kris Letang.
5:08 of 1st period - Stopped by Frederik Andersen with a rebound.
5:34 of 1st period - Jeff Petry is hit by Evgeni Malkin and loses puck.
5:47 of 1st period - Shot by Oliver Ekman-Larsson.
5:47 of 1st period - Stopped by Frederik Andersen without a rebound.
5:48 of 1st period - Jonathan Toews wins face-off versus Sean Monahan in Stars zone.
5:49 of 1st period - Shot by Gilbert Brule.
5:49 of 1st period - Shot Misses the Net.
6:00 of 1st period - Shot by Oliver Ekman-Larsson.
6:00 of 1st period - Shot Misses the Net.
6:02 of 1st period - Shot by Oliver Ekman-Larsson.
6:02 of 1st period - Stopped by Frederik Andersen with a rebound.
6:04 of 1st period - Shot by Alex Pietrangelo.
6:04 of 1st period - Goal by Alex Pietrangelo - Flames : 2 - Stars : 0.
6:05 of 1st period - Pavel Datsyuk wins face-off versus Aleksander Barkov in neutral zone.
6:34 of 1st period - Shot by Derek Stepan.
6:34 of 1st period - Stopped by Frederik Andersen without a rebound.
6:35 of 1st period - Anze Kopitar wins face-off versus Brad Richards in Stars zone.
6:37 of 1st period - Icing by Michael Grabner.
6:38 of 1st period - Anze Kopitar wins face-off versus Jonathan Toews in Stars zone.
6:38 of 1st period - Anze Kopitar is hit by Alexander Steen.
6:45 of 1st period - Brett Pesce is hit by Oliver Ekman-Larsson and loses puck.
6:53 of 1st period - Anze Kopitar is hit by Alex Pietrangelo and loses puck.
6:58 of 1st period - Shot by Anze Kopitar.
6:58 of 1st period - Shot Blocked by Oliver Ekman-Larsson.
6:59 of 1st period - Minor Penalty to Oliver Ekman-Larsson for Holding.
7:00 of 1st period - Pavel Datsyuk wins face-off versus Aleksander Barkov in Flames zone.
7:12 of 1st period - Shot by Kevin Shattenkirk.
7:12 of 1st period - Shot Misses the Net.
8:11 of 1st period - Icing by Joni Pitkanen.
8:12 of 1st period - Jeff Carter wins face-off versus Aleksander Barkov in Stars zone.
9:02 of 1st period - Icing by Jeff Petry.
9:03 of 1st period - Sean Monahan wins face-off versus Brad Richards in Stars zone.
9:03 of 1st period - Sean Monahan is hit by Evgeni Malkin.
9:41 of 1st period - Shot by Evgeni Malkin.
9:41 of 1st period - Shot Misses the Net.
10:00 of 1st period - Brett Pesce is hit by Evgeni Malkin and loses puck.
10:01 of 1st period - Minor Penalty to Evgeni Malkin for Boarding.
10:02 of 1st period - Aleksander Barkov wins face-off versus Anze Kopitar in Flames zone.
10:17 of 1st period - Shot by Michael Grabner.
10:17 of 1st period - Stopped by Braden Holtby without a rebound.
10:18 of 1st period - Pavel Datsyuk wins face-off versus Aleksander Barkov in Flames zone.
10:19 of 1st period - Shot by Loui Eriksson.
10:19 of 1st period - Goal by Loui Eriksson - Flames : 2 - Stars : 1.
10:20 of 1st period - Jonathan Toews wins face-off versus Anze Kopitar in neutral zone.
12:47 of 1st period - Pavel Datsyuk is hit by Evgeni Malkin and loses puck.
12:53 of 1st period - Pavel Datsyuk is hit by Evgeni Malkin and loses puck.
13:01 of 1st period - Loui Eriksson is hit by Adam Larsson and loses puck.
13:09 of 1st period - Icing by Evgeni Malkin.
13:10 of 1st period - Anze Kopitar wins face-off versus Brad Richards in Flames zone.
13:25 of 1st period - Shot by Anze Kopitar.
13:25 of 1st period - Stopped by Braden Holtby without a rebound.
13:26 of 1st period - Jonathan Toews wins face-off versus Sean Monahan in Flames zone.
13:57 of 1st period - Shot by Jonathan Toews.
13:57 of 1st period - Shot Misses the Net.
13:59 of 1st period - Shot by Jonathan Toews.
13:59 of 1st period - Shot Blocked by Zach Bogosian.
14:01 of 1st period - Shot by Oliver Ekman-Larsson.
14:01 of 1st period - Shot Misses the Net.
14:03 of 1st period - Shot by Jonathan Toews.
14:03 of 1st period - Shot Misses the Net.
14:22 of 1st period - Minor Penalty to Zach Bogosian for Tripping.
14:23 of 1st period - Brad Richards wins face-off versus David Desharnais in Stars zone.
14:46 of 1st period - Shot by Joe Pavelski.
14:46 of 1st period - Shot Misses the Net.
14:48 of 1st period - Shot by Mike Green.
14:48 of 1st period - Deflect By Joe Pavelski.
14:48 of 1st period - Goal by Joe Pavelski - Flames : 3 - Stars : 1.
14:49 of 1st period - Aleksander Barkov wins face-off versus Pavel Datsyuk in neutral zone.
14:51 of 1st period - Minor Penalty to Jeff Carter for Interference.
14:52 of 1st period - Jonathan Toews wins face-off versus David Desharnais in Stars zone.
14:55 of 1st period - Shot by Jonathan Toews.
14:55 of 1st period - Shot Blocked by Ryan Suter.
15:05 of 1st period - Shot by Alexander Steen.
15:05 of 1st period - Stopped by Frederik Andersen without a rebound.
15:06 of 1st period - David Desharnais wins face-off versus Jonathan Toews in Stars zone.
15:23 of 1st period - Shot by Mike Green.
15:23 of 1st period - Shot Blocked by Joni Pitkanen.
16:15 of 1st period - Shot by Joe Pavelski.
16:15 of 1st period - Shot Misses the Net.
16:17 of 1st period - Shot by Evgeni Malkin.
16:17 of 1st period - Shot Misses the Net.
16:19 of 1st period - Shot by Oliver Ekman-Larsson.
16:19 of 1st period - Shot Blocked by Ryan Suter.
16:19 of 1st period - Ryan Suter from Stars is injured at 16:19 of 1st period (Sore Left Knee).
16:20 of 1st period - Evgeni Malkin wins face-off versus David Desharnais in Stars zone.
16:21 of 1st period - Shot by Joe Pavelski.
16:21 of 1st period - Deflect By Brad Richards.
16:21 of 1st period - Stopped by Frederik Andersen without a rebound.
16:22 of 1st period - Evgeni Malkin wins face-off versus David Desharnais in Stars zone.
16:44 of 1st period - Shot by Mike Green.
16:44 of 1st period - Shot Misses the Net.
16:46 of 1st period - Shot by Brad Richards.
16:46 of 1st period - Stopped by Frederik Andersen with a rebound.
17:05 of 1st period - Minor Penalty to Derek Stepan for High sticking.
17:06 of 1st period - Aleksander Barkov wins face-off versus Anze Kopitar in Flames zone.
18:05 of 1st period - Shot by Joni Pitkanen.
18:05 of 1st period - Stopped by Braden Holtby without a rebound.
18:06 of 1st period - Pavel Datsyuk wins face-off versus Aleksander Barkov in Flames zone.
18:29 of 1st period - Shot by Joni Pitkanen.
18:29 of 1st period - Stopped by Braden Holtby with a rebound.
18:36 of 1st period - Icing by Jeff Carter.
18:37 of 1st period - Pavel Datsyuk wins face-off versus Aleksander Barkov in Stars zone.
19:37 of 1st period - Shot by Evgeni Malkin.
19:37 of 1st period - Shot Misses the Net.
19:52 of 1st period - Michael Grabner is hit by Kris Letang and loses puck.
Goals for this period are 3 for Flames vs 1 for Stars.
Shots for this period are 14 for Flames vs 7 for Stars.

2nd period


0:01 of 2nd period - Pavel Datsyuk wins face-off versus Aleksander Barkov in neutral zone.
0:06 of 2nd period - Shot by Pavel Datsyuk.
0:06 of 2nd period - Goal by Pavel Datsyuk - Flames : 3 - Stars : 2.
0:07 of 2nd period - Loui Eriksson wins face-off versus Aleksander Barkov in neutral zone.
0:13 of 2nd period - Joni Pitkanen is hit by Derek Stepan and loses puck.
0:31 of 2nd period - Kevin Shattenkirk is hit by Oliver Ekman-Larsson and loses puck.
0:39 of 2nd period - Aleksander Barkov is hit by Joni Pitkanen and loses puck.
1:25 of 2nd period - Zach Bogosian is hit by Kris Letang and loses puck.
1:40 of 2nd period - Shot by Michael Grabner.
1:40 of 2nd period - Stopped by Braden Holtby without a rebound.
1:41 of 2nd period - Brad Richards wins face-off versus Sean Monahan in Flames zone.
1:52 of 2nd period - Shot by Sean Monahan.
1:52 of 2nd period - Stopped by Braden Holtby with a rebound.
1:54 of 2nd period - Shot by Zach Bogosian.
1:54 of 2nd period - Stopped by Braden Holtby without a rebound.
1:55 of 2nd period - Aleksander Barkov wins face-off versus Sean Monahan in Flames zone.
1:57 of 2nd period - Icing by Mark Scheifele.
1:58 of 2nd period - Aleksander Barkov wins face-off versus Sean Monahan in Flames zone.
2:05 of 2nd period - Shot by Derek Stepan.
2:05 of 2nd period - Shot Misses the Net.
2:07 of 2nd period - Shot by Aleksander Barkov.
2:07 of 2nd period - Shot Blocked by Jeff Petry.
2:09 of 2nd period - Shot by Aleksander Barkov.
2:09 of 2nd period - Stopped by Frederik Andersen without a rebound.
2:10 of 2nd period - Loui Eriksson wins face-off versus Jonathan Toews in Stars zone.
2:18 of 2nd period - Off-side.
2:19 of 2nd period - Anze Kopitar wins face-off versus Aleksander Barkov in neutral zone.
2:41 of 2nd period - Icing by Adam Larsson.
2:42 of 2nd period - Mark Scheifele wins face-off versus Sean Monahan in Flames zone.
2:42 of 2nd period - Mark Scheifele is hit by Alexander Killorn.
3:27 of 2nd period - Shot by Sean Monahan.
3:27 of 2nd period - Shot Misses the Net.
4:16 of 2nd period - Icing by Kevin Shattenkirk.
4:17 of 2nd period - Loui Eriksson wins face-off versus Jonathan Toews in Stars zone.
4:58 of 2nd period - Shot by Alexander Steen.
4:58 of 2nd period - Shot Blocked by Brett Pesce.
5:00 of 2nd period - Shot by Oliver Ekman-Larsson.
5:00 of 2nd period - Stopped by Frederik Andersen without a rebound.
5:01 of 2nd period - Sean Monahan wins face-off versus Brad Richards in Stars zone.
5:05 of 2nd period - Off-side.
5:06 of 2nd period - Sean Monahan wins face-off versus Brad Richards in neutral zone.
5:06 of 2nd period - Sean Monahan is hit by Evgeni Malkin.
5:41 of 2nd period - Joe Pavelski is hit by Alexander Killorn and loses puck.
6:38 of 2nd period - Shot by Milan Michalek.
6:38 of 2nd period - Deflect By Anze Kopitar.
6:38 of 2nd period - Stopped by Braden Holtby without a rebound.
6:39 of 2nd period - Aleksander Barkov wins face-off versus Pavel Datsyuk in Flames zone.
6:39 of 2nd period - Aleksander Barkov is hit by Joni Pitkanen.
6:45 of 2nd period - Shot by Aleksander Barkov.
6:45 of 2nd period - Stopped by Frederik Andersen without a rebound.
6:46 of 2nd period - Pavel Datsyuk wins face-off versus Mark Scheifele in Stars zone.
7:22 of 2nd period - Shot by Loui Eriksson.
7:22 of 2nd period - Stopped by Braden Holtby without a rebound.
7:23 of 2nd period - Jonathan Toews wins face-off versus Anze Kopitar in Flames zone.
7:42 of 2nd period - Shot by Jonathan Toews.
7:42 of 2nd period - Stopped by Frederik Andersen without a rebound.
7:43 of 2nd period - Brad Richards wins face-off versus Sean Monahan in Stars zone.
7:43 of 2nd period - Brad Richards is hit by Jeff Petry.
8:03 of 2nd period - Shot by Sean Monahan.
8:03 of 2nd period - Stopped by Braden Holtby without a rebound.
8:04 of 2nd period - Anze Kopitar wins face-off versus Jonathan Toews in Flames zone.
8:05 of 2nd period - Shot by Milan Michalek.
8:05 of 2nd period - Stopped by Braden Holtby with a rebound.
8:15 of 2nd period - Shot by Michael Grabner.
8:15 of 2nd period - Deflect By Anze Kopitar.
8:15 of 2nd period - Shot Blocked by Mike Green.
8:17 of 2nd period - Shot by Michael Grabner.
8:17 of 2nd period - Shot Misses the Net.
8:19 of 2nd period - Shot by Kevin Shattenkirk.
8:19 of 2nd period - Stopped by Braden Holtby with a rebound.
8:32 of 2nd period - Michael Grabner is hit by Kris Letang and loses puck.
8:39 of 2nd period - Shot by Milan Michalek.
8:39 of 2nd period - Stopped by Braden Holtby with a rebound.
8:41 of 2nd period - Shot by Kevin Shattenkirk.
8:41 of 2nd period - Stopped by Braden Holtby without a rebound.
8:42 of 2nd period - Brad Richards wins face-off versus Pavel Datsyuk in Flames zone.
8:42 of 2nd period - Brad Richards is hit by Pavel Datsyuk.
9:15 of 2nd period - Jeff Carter is hit by Evgeni Malkin and loses puck.
9:51 of 2nd period - Shot by Aleksander Barkov.
9:51 of 2nd period - Goal by Aleksander Barkov - Flames : 4 - Stars : 2.
9:52 of 2nd period - Jonathan Toews wins face-off versus Anze Kopitar in neutral zone.
9:59 of 2nd period - Shot by Alexander Steen.
9:59 of 2nd period - Stopped by Frederik Andersen without a rebound.
10:00 of 2nd period - Anze Kopitar wins face-off versus Jonathan Toews in Stars zone.
10:00 of 2nd period - Anze Kopitar is hit by Alexander Steen.
10:03 of 2nd period - Michael Grabner is hit by Jonathan Toews and loses puck.
10:08 of 2nd period - Shot by Alexander Steen.
10:08 of 2nd period - Shot Misses the Net.
10:10 of 2nd period - Shot by Jonathan Toews.
10:10 of 2nd period - Shot Blocked by Zach Bogosian.
10:12 of 2nd period - Shot by Mike Green.
10:12 of 2nd period - Stopped by Frederik Andersen without a rebound.
10:13 of 2nd period - Sean Monahan wins face-off versus Aleksander Barkov in Stars zone.
10:49 of 2nd period - Shot by Mark Scheifele.
10:49 of 2nd period - Shot Misses the Net.
11:33 of 2nd period - Shot by Alexander Steen.
11:33 of 2nd period - Shot Misses the Net.
12:12 of 2nd period - Shot by Pavel Datsyuk.
12:12 of 2nd period - Stopped by Braden Holtby without a rebound.
12:13 of 2nd period - Joe Pavelski wins face-off versus Pavel Datsyuk in Flames zone.
12:13 of 2nd period - Evgeni Malkin is hit by Zach Bogosian and loses puck.
12:17 of 2nd period - Minor Penalty to Oliver Ekman-Larsson for Roughing.
12:18 of 2nd period - Jeff Carter wins face-off versus Aleksander Barkov in Flames zone.
12:57 of 2nd period - Shot by Jeff Carter.
12:57 of 2nd period - Deflect By Loui Eriksson.
12:57 of 2nd period - Shot Misses the Net.
13:19 of 2nd period - Shot by Nick Bonino.
13:19 of 2nd period - Shot Blocked by Kris Letang.
13:21 of 2nd period - Shot by Anze Kopitar.
13:21 of 2nd period - Stopped by Braden Holtby without a rebound.
13:22 of 2nd period - Mark Scheifele wins face-off versus Anze Kopitar in Flames zone.
13:24 of 2nd period - Gilbert Brule is hit by Nick Bonino and loses puck.
13:48 of 2nd period - Icing by Zach Bogosian.
13:49 of 2nd period - Aleksander Barkov wins face-off versus Anze Kopitar in Stars zone.
13:57 of 2nd period - Icing by Zach Bogosian.
13:58 of 2nd period - Anze Kopitar wins face-off versus Mark Scheifele in Stars zone.
14:26 of 2nd period - Pavel Datsyuk is hit by Evgeni Malkin and loses puck.
16:12 of 2nd period - Shot by Brett Pesce.
16:12 of 2nd period - Stopped by Braden Holtby with a rebound.
16:15 of 2nd period - Icing by Kris Letang.
16:16 of 2nd period - Jonathan Toews wins face-off versus Sean Monahan in Flames zone.
16:39 of 2nd period - Zach Bogosian is hit by Mark Scheifele and loses puck.
16:44 of 2nd period - Shot by Derek Stepan.
16:44 of 2nd period - Stopped by Frederik Andersen without a rebound.
16:45 of 2nd period - Pavel Datsyuk wins face-off versus Evgeni Malkin in Stars zone.
17:08 of 2nd period - Icing by Kevin Shattenkirk.
17:09 of 2nd period - Jeff Carter wins face-off versus Aleksander Barkov in Stars zone.
17:09 of 2nd period - Jeff Carter is hit by Mark Scheifele.
17:21 of 2nd period - Shot by Kevin Shattenkirk.
17:21 of 2nd period - Stopped by Braden Holtby without a rebound.
17:22 of 2nd period - Brad Richards wins face-off versus Anze Kopitar in Flames zone.
19:28 of 2nd period - Off-side.
19:29 of 2nd period - Sean Monahan wins face-off versus Gilbert Brule in neutral zone.
19:36 of 2nd period - Shot by Sean Monahan.
19:36 of 2nd period - Shot Misses the Net.
19:38 of 2nd period - Shot by Alexander Killorn.
19:38 of 2nd period - Shot Misses the Net.
19:40 of 2nd period - Shot by Sean Monahan.
19:40 of 2nd period - Stopped by Braden Holtby without a rebound.
19:41 of 2nd period - Sean Monahan wins face-off versus Aleksander Barkov in Flames zone.
19:41 of 2nd period - Minor Penalty to Kris Letang for Holding.
19:42 of 2nd period - Aleksander Barkov wins face-off versus Anze Kopitar in Flames zone.
19:52 of 2nd period - Off-side.
19:53 of 2nd period - Pavel Datsyuk wins face-off versus Aleksander Barkov in neutral zone.
Goals for this period are 1 for Flames vs 1 for Stars.
Shots for this period are 8 for Flames vs 16 for Stars.

3rd period


0:01 of 3rd period - Anze Kopitar wins face-off versus Aleksander Barkov in neutral zone.
0:03 of 3rd period - Kevin Shattenkirk is hit by Adam Larsson and loses puck.
0:06 of 3rd period - Shot by Joni Pitkanen.
0:06 of 3rd period - Stopped by Braden Holtby without a rebound.
0:07 of 3rd period - Anze Kopitar wins face-off versus Aleksander Barkov in Flames zone.
0:26 of 3rd period - Shot by Joni Pitkanen.
0:26 of 3rd period - Shot Blocked by Jacob Trouba.
0:28 of 3rd period - Shot by Nick Bonino.
0:28 of 3rd period - Shot Hit the Post.
0:32 of 3rd period - Shot by Kevin Shattenkirk.
0:32 of 3rd period - Shot Misses the Net.
1:06 of 3rd period - Shot by Pavel Datsyuk.
1:06 of 3rd period - Shot Misses the Net.
1:08 of 3rd period - Shot by Zach Bogosian.
1:08 of 3rd period - Shot Blocked by Alex Pietrangelo.
1:34 of 3rd period - Shot by Pavel Datsyuk.
1:34 of 3rd period - Stopped by Braden Holtby with a rebound.
1:36 of 3rd period - Shot by Loui Eriksson.
1:36 of 3rd period - Shot Misses the Net.
1:38 of 3rd period - Shot by Loui Eriksson.
1:38 of 3rd period - Stopped by Braden Holtby without a rebound.
1:39 of 3rd period - Aleksander Barkov wins face-off versus Anze Kopitar in Flames zone.
1:39 of 3rd period - Aleksander Barkov is hit by Zach Bogosian.
2:00 of 3rd period - Shot by Evgeni Malkin.
2:00 of 3rd period - Shot Blocked by Brett Pesce.
2:38 of 3rd period - Icing by Brett Pesce.
2:39 of 3rd period - Alexander Steen wins face-off versus Sean Monahan in Stars zone.
3:56 of 3rd period - Shot by Loui Eriksson.
3:56 of 3rd period - Deflect By Pavel Datsyuk.
3:56 of 3rd period - Shot Misses the Net.
3:58 of 3rd period - Shot by Pavel Datsyuk.
3:58 of 3rd period - Stopped by Braden Holtby without a rebound.
3:59 of 3rd period - Sean Monahan wins face-off versus Brad Richards in Flames zone.
4:02 of 3rd period - Shot by Nick Bonino.
4:02 of 3rd period - Stopped by Braden Holtby without a rebound.
4:03 of 3rd period - Pavel Datsyuk wins face-off versus Brad Richards in Flames zone.
4:06 of 3rd period - Shot by Jeff Carter.
4:06 of 3rd period - Stopped by Braden Holtby without a rebound.
4:07 of 3rd period - Sean Monahan wins face-off versus Derek Stepan in Flames zone.
4:46 of 3rd period - Derek Stepan is hit by Alexander Killorn and loses puck.
5:11 of 3rd period - Shot by Pavel Datsyuk.
5:11 of 3rd period - Shot Misses the Net.
5:13 of 3rd period - Shot by Kevin Shattenkirk.
5:13 of 3rd period - Stopped by Braden Holtby without a rebound.
5:14 of 3rd period - Jonathan Toews wins face-off versus Anze Kopitar in Flames zone.
5:27 of 3rd period - Shot by Jonathan Toews.
5:27 of 3rd period - Shot Blocked by Kevin Shattenkirk.
5:29 of 3rd period - Shot by Jonathan Toews.
5:29 of 3rd period - Stopped by Frederik Andersen without a rebound.
5:30 of 3rd period - Pavel Datsyuk wins face-off versus Brad Richards in Stars zone.
5:30 of 3rd period - Pavel Datsyuk is hit by Evgeni Malkin.
5:45 of 3rd period - Off-side.
5:46 of 3rd period - Jonathan Toews wins face-off versus Sean Monahan in neutral zone.
5:46 of 3rd period - Alexander Steen is hit by Alexander Killorn and loses puck.
6:03 of 3rd period - Shot by Sean Monahan.
6:03 of 3rd period - Shot Misses the Net.
6:47 of 3rd period - Shot by Loui Eriksson.
6:47 of 3rd period - Stopped by Braden Holtby without a rebound.
6:48 of 3rd period - Anze Kopitar wins face-off versus Aleksander Barkov in Flames zone.
7:16 of 3rd period - Shot by Michael Grabner.
7:16 of 3rd period - Stopped by Braden Holtby without a rebound.
7:17 of 3rd period - Pavel Datsyuk wins face-off versus Brad Richards in Flames zone.
7:40 of 3rd period - Shot by Jeff Carter.
7:40 of 3rd period - Stopped by Braden Holtby without a rebound.
7:41 of 3rd period - Anze Kopitar wins face-off versus Aleksander Barkov in Flames zone.
8:07 of 3rd period - Shot by Derek Stepan.
8:07 of 3rd period - Shot Misses the Net.
8:13 of 3rd period - Shot by Aleksander Barkov.
8:13 of 3rd period - Shot Misses the Net.
8:21 of 3rd period - Shot by Derek Stepan.
8:21 of 3rd period - Shot Blocked by Milan Michalek.
8:28 of 3rd period - Icing by Jeff Petry.
8:29 of 3rd period - Jonathan Toews wins face-off versus Anze Kopitar in Stars zone.
8:33 of 3rd period - Icing by Anze Kopitar.
8:34 of 3rd period - Jonathan Toews wins face-off versus Anze Kopitar in Stars zone.
8:45 of 3rd period - Jacob Trouba is hit by Anze Kopitar and loses puck.
9:14 of 3rd period - Jeff Carter is hit by Jonathan Toews and loses puck.
9:31 of 3rd period - Shot by Jeff Carter.
9:31 of 3rd period - Shot Misses the Net.
9:49 of 3rd period - Shot by Sean Monahan.
9:49 of 3rd period - Shot Misses the Net.
9:57 of 3rd period - Shot by Sean Monahan.
9:57 of 3rd period - Deflect By Alexander Killorn.
9:57 of 3rd period - Shot Misses the Net.
10:09 of 3rd period - Jacob Trouba is hit by Nick Bonino and loses puck.
10:28 of 3rd period - Icing by Alexander Steen.
10:29 of 3rd period - Jonathan Toews wins face-off versus Anze Kopitar in Flames zone.
10:34 of 3rd period - Shot by Milan Michalek.
10:34 of 3rd period - Stopped by Braden Holtby with a rebound.
10:36 of 3rd period - Shot by Anze Kopitar.
10:36 of 3rd period - Stopped by Braden Holtby without a rebound.
10:37 of 3rd period - Anze Kopitar wins face-off versus Brad Richards in Flames zone.
10:46 of 3rd period - Brett Pesce is hit by Evgeni Malkin and loses puck.
10:56 of 3rd period - Icing by Brett Pesce.
10:57 of 3rd period - Anze Kopitar wins face-off versus Aleksander Barkov in Stars zone.
11:13 of 3rd period - Shot by Michael Grabner.
11:13 of 3rd period - Stopped by Braden Holtby without a rebound.
11:14 of 3rd period - Brad Richards wins face-off versus Pavel Datsyuk in Flames zone.
11:19 of 3rd period - Zach Bogosian is hit by Evgeni Malkin and loses puck.
11:56 of 3rd period - Shot by Jeff Carter.
11:56 of 3rd period - Shot Misses the Net.
14:35 of 3rd period - Icing by Brett Pesce.
14:36 of 3rd period - Jeff Carter wins face-off versus Brad Richards in Stars zone.
14:55 of 3rd period - Shot by Loui Eriksson.
14:55 of 3rd period - Shot Misses the Net.
15:28 of 3rd period - Off-side.
15:29 of 3rd period - Nick Bonino wins face-off versus Aleksander Barkov in neutral zone.
15:40 of 3rd period - Icing by Derek Stepan.
15:41 of 3rd period - Pavel Datsyuk wins face-off versus Aleksander Barkov in Flames zone.
15:48 of 3rd period - Shot by Loui Eriksson.
15:48 of 3rd period - Stopped by Braden Holtby without a rebound.
15:49 of 3rd period - Pavel Datsyuk wins face-off versus Aleksander Barkov in Flames zone.
15:58 of 3rd period - Alex Pietrangelo is hit by Jeff Carter and loses puck.
16:04 of 3rd period - Oliver Ekman-Larsson is hit by Pavel Datsyuk and loses puck.
16:08 of 3rd period - Oliver Ekman-Larsson is hit by Jeff Petry and loses puck.
16:16 of 3rd period - Minor Penalty to Brett Pesce for Slashing.
16:17 of 3rd period - Sean Monahan wins face-off versus Joe Pavelski in Stars zone.
16:51 of 3rd period - Shot by Joe Pavelski.
16:51 of 3rd period - Deflect By Evgeni Malkin.
16:51 of 3rd period - Stopped by Frederik Andersen without a rebound.
16:52 of 3rd period - David Desharnais wins face-off versus Gilbert Brule in Stars zone.
17:06 of 3rd period - Off-side.
17:07 of 3rd period - David Desharnais wins face-off versus Jonathan Toews in neutral zone.
17:20 of 3rd period - Shot by Oliver Ekman-Larsson.
17:20 of 3rd period - Stopped by Frederik Andersen without a rebound.
17:21 of 3rd period - Evgeni Malkin wins face-off versus David Desharnais in Stars zone.
17:22 of 3rd period - Shot by Mike Green.
17:22 of 3rd period - Stopped by Frederik Andersen without a rebound.
17:23 of 3rd period - Evgeni Malkin wins face-off versus Sean Monahan in Stars zone.
17:24 of 3rd period - Shot by Alex Pietrangelo.
17:24 of 3rd period - Stopped by Frederik Andersen without a rebound.
17:25 of 3rd period - Sean Monahan wins face-off versus Jonathan Toews in Stars zone.
17:35 of 3rd period - Icing by Oliver Ekman-Larsson.
17:36 of 3rd period - Jonathan Toews wins face-off versus Sean Monahan in Flames zone.
18:29 of 3rd period - Shot by Derek Stepan.
18:29 of 3rd period - Stopped by Frederik Andersen without a rebound.
18:30 of 3rd period - Brad Richards wins face-off versus Loui Eriksson in Stars zone.
18:32 of 3rd period - Joe Pavelski is hit by Brett Pesce and loses puck.
18:52 of 3rd period - Brad Richards is hit by Brett Pesce.
19:00 of 3rd period - Shot by Joe Pavelski.
19:00 of 3rd period - Shot Misses the Net.
19:02 of 3rd period - Shot by Kris Letang.
19:02 of 3rd period - Shot Misses the Net.
19:03 of 3rd period - Minor Penalty to Brett Pesce for Roughing.
19:04 of 3rd period - Jonathan Toews wins face-off versus Sean Monahan in Stars zone.
19:05 of 3rd period - Shot by Alexander Steen.
19:05 of 3rd period - Stopped by Frederik Andersen without a rebound.
19:06 of 3rd period - Jonathan Toews wins face-off versus Sean Monahan in Stars zone.
19:18 of 3rd period - Icing by Jonathan Toews.
19:19 of 3rd period - Sean Monahan wins face-off versus Jonathan Toews in Flames zone.
19:19 of 3rd period - Sean Monahan is hit by Oliver Ekman-Larsson.
19:31 of 3rd period - Zach Bogosian is hit by Alexander Steen.
Goals for this period are 0 for Flames vs 0 for Stars.
Shots for this period are 7 for Flames vs 14 for Stars.